 Dungeon Crawl Stone Soup version 0.30-a0-272-gf98c3da03f (webtiles) character file.

Game seed: 18302160631206910298

4529 Lobster4 the Frost Mage (level 10, 0/70 HPs)
             Began as a Merfolk Ice Elementalist on Oct 15, 2022.
             Was a Follower of Sif Muna.
             Slain by a red devil
             ... wielding a +0 trident
              (11 damage)
             ... while paralysed by a hornet
             ... on level 9 of the Dungeon.
             The game lasted 00:35:34 (7966 turns).

Lobster4 the Frost Mage (Merfolk Ice Elementalist)  Turns: 7966, Time: 00:35:35

Health: 0/70       AC:  8    Str: 10    XL:     10   Next: 39%
Magic:  5/9        EV:  2    Int: 18    God:    Sif Muna [*.....]
Gold:   459        SH:  0    Dex: 14    Spells: 9/20 levels left

rFire   . . .      SeeInvis .    u - +8 falchion of Slow Death {antimagic, rPois rC+}
rCold   + . .      Faith    .    y - +0 buckler
rNeg    . . .      Spirit   .    R - +0 steam dragon scales
rPois   +          Reflect  .    r - +1 hat
rElec   .          Harm     .    (no cloak)
rCorr   .          Rampage  .    J - +1 pair of gloves
Will    .....                    (no boots)
Stlth   +++.......               (no amulet)
HPRegen 0.31/turn                s - ring of magical power
MPRegen 0.11/turn                l - ring of wizardry

@: paralysed, freezing walls, slowed
A: (nimble swimmer 2), mertail
a: Renounce Religion, Channel Magic


You were on level 9 of the Dungeon.
You worshipped Sif Muna.
Sif Muna was aware of your devotion.
You visited 2 branches of the dungeon, and saw 10 of its levels.
You also visited: Sewer.

You collected 459 gold pieces.

Inventory:

Hand Weapons
 a - a +0 short sword
 b - a +0 sling
 t - a +1 vampiric spear
 u - the +8 falchion of Slow Death (weapon) {antimagic, rPois rC+}
   (You found it on level 3 of the Dungeon)

   It reduces the magical energy of the wielder, and disrupts the spells and
   magical abilities of those it strikes.
   Natural abilities and divine invocations are not affected.
   rC:        It protects you from cold.
   rPois:     It protects you from poison.
 A - a +0 dagger of venom
Missiles
 p - 9 poisoned darts (quivered)
 D - 4 atropa-tipped darts
 I - 6 boomerangs
Armour
 h - a +0 ring mail
 r - a +1 hat (worn)
 y - a +0 buckler (worn)
 z - a +0 leather armour
 F - a +0 robe of fire resistance
 J - a +1 pair of gloves (worn)
 L - a +0 helmet
 R - +0 steam dragon scales (worn)
Jewellery
 g - a ring of resist corrosion
 l - a ring of wizardry (right hand)
 s - a ring of magical power (left hand)
 K - a ring of willpower
Wands
 d - a wand of digging (3)
 w - a wand of mindburst (7)
 E - a wand of polymorph (13)
 P - a wand of paralysis (14)
Scrolls
 c - 2 scrolls of immolation
 f - 2 scrolls of magic mapping
 i - a scroll of silence {unknown}
 j - 2 scrolls of butterflies
 k - 2 scrolls of poison {unknown}
 m - 5 scrolls of vulnerability {unknown}
 n - 4 scrolls of teleportation
 o - 3 scrolls of brand weapon {unknown}
 M - a scroll of amnesia {unknown}
 N - a scroll of blinking {unknown}
Potions
 e - a potion of resistance
 q - 3 potions of curing
 v - a potion of might
 x - a potion of invisibility
 B - 2 potions of lignification
 C - a potion of haste
 G - 6 potions of heal wounds {unknown}
 H - a potion of berserk rage
 O - 4 potions of brilliance {unknown}
 Q - 2 potions of magic
 S - a potion of flight {unknown}


   Skills:
 - Level 3.0 Fighting
 - Level 1.0(1.5) Short Blades
 - Level 1.8(2.0) Long Blades
 - Level 1.0 Polearms
 - Level 1.0 Throwing
 - Level 3.0 Armour
 + Level 4.4 Dodging
 - Level 4.0 Stealth
 + Level 4.1 Shields
 + Level 5.9 Spellcasting
 + Level 3.6 Summonings
 * Level 10.7 Ice Magic
 - Level 3.0 Invocations
 - Level 3.0 Evocations


You had 9 spell levels left.
You knew the following spells:

 Your Spells              Type           Power      Damage    Failure   Level
a - Freeze                Ice            100%       1d10      1%          1
b - Frozen Ramparts       Ice            88%        1d14      1%          3
c - Ozocubu's Armour      Ice            44%        N/A       1%          3
d - Summon Ice Beast      Ice/Summ       31%        N/A       3%          4

Your spell library contained the following spells:

 Spells                   Type           Power      Damage    Failure   Level
 Ensorcelled Hibernation  Hex/Ice        48%        N/A       1%          2
 Call Imp                 Summ           18%        N/A       2%          2
 Magic Dart               Conj           20%        1d4       6%          1
 Mephitic Cloud           Conj/Pois/Air  5%         N/A       19%         3
 Spider Form              Tmut/Pois      5%         N/A       19%         3
 Anguish                  Hex/Necr       2%         N/A       50%         4


Dungeon Overview and Level Annotations

Branches:
Dungeon (9/15)             Temple (1/1) D:6           Sewer (visited)
   Lair: D:8-11         Orc: D:9-12

Altars:
Ashenzari
Cheibriados
Dithmenos
Elyvilon
Gozag
Kikubaaqudgha
Makhleb
Nemelex Xobeh
Ru
Sif Muna
Vehumet
Wu Jian
Xom
Yredelemnul
Zin


Innate Abilities, Weirdness & Mutations

((You are very nimble when in or above water. (Stealth+, EV+, Speed+++)))
Your lower body shifts to a powerful aquatic tail in water.


Message History

There is a stone staircase leading down here.
There is a stone staircase leading down here.
You climb downwards.
The hornet buzzes angrily.
The smoke demon roars!
The chaos spawn squeals angrily.
The hornet stings you!
There is a stone staircase leading up here.
Casting: Freeze (safe; 1% risk of failure)
Confirm with . or Enter, or press ? or * to list all spells.
Casting: Frozen Ramparts (safe; 1% risk of failure)
Press: ? - help, Dir - look around, f - activate A stone staircase leading up.
The walls around you are covered in ice.
The hornet closely misses you. The smoke demon gestures at you.
The ball of steam hits you. You resist.
Casting: Frozen Ramparts (safe; 1% risk of failure)
Confirm with . or Enter, or press ? or * to list all spells.
Aiming: Freeze (safe; 1% risk of failure)
Press: ? - help, Shift-Dir - straight line, f - hornet
Aim: a hornet You freeze the hornet.
The hornet is lightly wounded.
The hornet stings you.
You suddenly lose the ability to move!
The hornet stings you but does no damage.
The hornet stings you!
You feel yourself slow down.
The chaos spawn is engulfed in a cloud of scalding steam.
The chaos spawn gores you! The red devil completely misses you.
The wall freezes the smoke demon.
The smoke demon gestures at you. The ball of steam hits you. You resist.
The hornet stings you.
You feel as though you will be slow longer.
The chaos spawn is engulfed in a cloud of scalding steam.
The chaos spawn gores you!
* * * LOW HITPOINT WARNING * * *
Space warps around you.
* * * LOW HITPOINT WARNING * * *
The red devil hits you from afar with a +0 trident!
You die...

. . #. .. #.
... #. ##....
#.. #§.....
#§.##.......
#.§§@3......
.....§§y44.....
...............
...............
...............
........#......
####.#######...
## #..


You could see a smoke demon, a hornet, a chaos spawn and a red devil.

Vanquished Creatures
  A two-headed ogre (D:8)
  Pikel (D:8)
  An ugly thing (D:8)
  A hornet (D:6)
  A steam dragon (D:8)
  Menkaure (D:5)
  A water moccasin (D:7)
  Duvessa (D:7)
  An orc warrior (D:8)
  2 ice beasts (D:6)
  2 sky beasts
  3 black bears
  2 centaurs
  An ogre (D:6)
  2 lemures (D:8)
  A phantom (D:7)
  A kobold brigand (D:7)
  2 necrophages (D:5)
  A bullfrog (D:8)
  2 scorpions
  Dowan (D:7)
  5 killer bees (D:8)
  6 hounds
  A gnoll bouda (D:4)
  4 jellies
  5 iguanas
  An orc wizard (D:8)
  3 gnolls (D:4)
  9 adders
  A river rat (Sewer)
  A shadow imp (D:5)
  2 white imps
  2 ufetubi (D:7)
  A worm (Sewer)
  2 dart slugs
  15 orcs
  14 endoplasms
  7 giant cockroaches
  4 goblins
  3 hobgoblins
  6 jackals
  13 kobolds
  5 quokkas
  7 ball pythons
  4 bats
  5 frilled lizards
  11 rats
166 creatures vanquished.

Vanquished Creatures (collateral kills)
  A bat (D:3)
1 creature vanquished.

Vanquished Creatures (others)
  A hound (D:4)
  An orc (D:4)
  A withered plant (D:1)
3 creatures vanquished.

Grand Total: 170 creatures vanquished

Notes
Turn   | Place    | Note
-------+----------+-------------------------------------------
     0 | D:1      | Lobster4 the Merfolk Ice Elementalist began the quest for
                  | the Orb.
     0 | D:1      | Reached XP level 1. HP: 13/13 MP: 3/3
   131 | D:1      | Reached XP level 2. HP: 20/20 MP: 0/5
   713 | D:1      | Reached XP level 3. HP: 25/25 MP: 4/6
   868 | D:1      | Learned a level 3 spell: Frozen Ramparts
  1036 | D:1      | Found a faded altar of an unknown god.
  1859 | D:2      | Reached skill level 1 in Fighting
  2008 | D:3      | Identified the +8 falchion of Slow Death {antimagic, rPois
                  | rC+}
  2032 | D:3      | Reached XP level 4. HP: 32/32 MP: 5/7
  2088 | D:3      | Found a glowing drain.
  2135 | Sewer    | Entered a sewer
  2183 | Sewer    | Reached skill level 1 in Short Blades
  2192 | Sewer    | Reached skill level 5 in Ice Magic
  2335 | Sewer    | Reached XP level 5. HP: 32/37 MP: 0/8
  2337 | Sewer    | Reached skill level 1 in Polearms
  2450 | Sewer    | Reached skill level 1 in Evocations
  2521 | Sewer    | Found a shimmering altar of Xom.
  2790 | D:3      | Learned a level 3 spell: Ozocubu's Armour
  3125 | D:4      | Reached XP level 6. HP: 35/44 MP: 3/10
  3269 | D:4      | Reached skill level 1 in Shields
  3304 | D:4      | Found a sparkling altar of Nemelex Xobeh.
  3304 | D:4      | Found a shadowy altar of Dithmenos.
  3305 | D:4      | Found a snail-covered altar of Cheibriados.
  3377 | D:4      | Found a shimmering altar of Xom.
  3471 | D:4      | Noticed a steam dragon
  3799 | D:5      | Entered Level 5 of the Dungeon
  3828 | D:5      | Reached skill level 1 in Armour
  3828 | D:5      | Reached skill level 6 in Ice Magic
  3828 | D:5      | Reached XP level 7. HP: 46/50 MP: 0/11
  3881 | D:5      | You fall into a shaft and drop 3 floors!
  3884 | D:8      | Noticed a brown ugly thing
  4084 | D:5      | Found a sacrificial altar of Ru.
  4245 | D:5      | Noticed Menkaure
  4250 | D:5      | Killed Menkaure
  4251 | D:5      | Reached XP level 8. HP: 45/56 MP: 1/13
  4369 | D:5      | Reached skill level 1 in Long Blades
  4369 | D:5      | Reached skill level 7 in Ice Magic
  5364 | D:5      | Found an opulent altar of Gozag.
  5804 | D:6      | Found a staircase to the Ecumenical Temple.
  5816 | Temple   | Entered the Ecumenical Temple
  5832 | Temple   | Became a worshipper of Sif Muna the Loreminder
  5881 | D:6      | Noticed a hornet
  5919 | D:6      | Reached skill level 8 in Ice Magic
  5990 | D:6      | Killed a hornet
  5991 | D:6      | Reached skill level 1 in Invocations
  5991 | D:6      | Reached XP level 9. HP: 28/63 MP: 0/15
  6532 | D:7      | Learned a level 4 spell: Summon Ice Beast
  6687 | D:7      | Noticed Duvessa
  6687 | D:7      | Noticed Dowan
  6693 | D:7      | Killed Dowan
  6697 | D:7      | Killed Duvessa
  6698 | D:7      | Reached skill level 1 in Summonings
  7162 | D:8      | Reached * piety under Sif Muna
  7165 | D:8      | Noticed Pikel
  7172 | D:8      | Noticed a two-headed ogre
  7174 | D:8      | Killed Pikel
  7175 | D:8      | Reached skill level 1 in Throwing
  7175 | D:8      | Reached skill level 5 in Spellcasting
  7175 | D:8      | Reached skill level 9 in Ice Magic
  7177 | D:8      | Killed a two-headed ogre
  7178 | D:8      | Reached skill level 10 in Ice Magic
  7178 | D:8      | Reached XP level 10. HP: 57/70 MP: 1/18
  7552 | D:8      | Killed a brown ugly thing
  7962 | D:9      | Noticed a smoke demon
  7964 | D:9      | Paralysed by a hornet for 3 turns
  7966 | D:9      | Slain by a red devil

Illustrated notes

Levels and vault maps discovered:
D:1:      shiori_arrival_elements, layout_basic,
          ebering_ecumenical_altar_petrified, serial_rivers,
          chequers_serial_rivers_room_b, chequers_serial_rivers_micro_d,
          chequers_serial_rivers_large_b, chequers_serial_rivers_micro_d,
          chequers_serial_rivers_micro_a, chequers_serial_rivers_large_a,
          minmay_domino_4
D:2:      layout_loops_ring
D:3:      layout_basic, portal_sewer_entry_a
D:4:      layout_rooms, lemuel_round_altar, gammafunk_temple_overflow_claw
D:5:      minmay_inner_zag, layout_cave_pools, lemuel_tele_altar,
          mainiacjoe_overflow_alcove_4, uniq_menkaure
D:6:      layout_rooms, minmay_temple_entry_mini_moons
D:7:      layout_basic, uniq_duvessa
D:8:      layout_rooms, uniq_pikel
D:9:      layout_cave_pods, erik_lair_island, serial_demonic, serial_demonic_e,
          serial_demonic_c, serial_demonic_a, serial_demonic_d, minmay_radiant
Temple:   eino_wide_crystal_templ

Skill      XL: |  1  2  3  4  5  6  7  8  9 |
---------------+----------------------------+-----
Dodging        | 3 4 |  4.4
Fighting       | 1 2 3 |  3.0
Stealth        | 3 4 |  4.0
Short Blades   | 1 |  1.0
Ice Magic      | 5 6 8 10 | 10.7
Polearms       | 1 |  1.0
Evocations     | 1 2 3 |  3.0
Shields        | 1 2 3 4 |  4.1
Spellcasting   | 3 4 5 |  5.9
Armour         | 1 2 3 |  3.0
Long Blades    | 1 |  1.8
Invocations    | 1 3 |  3.0
Summonings     | 3 |  3.6
Throwing       | 1 |  1.0

Action                   |  1- 3 |  4- 6 |  7- 9 | 10-12 || total
-------------------------+-------+-------+-------+-------++-------
Melee: Short sword       |    36 |       |       |       ||    36
       Tailslap          |     1 |     4 |       |       ||     5
       Falchion          |     1 |    65 |   105 |    19 ||   190
       Punch             |       |     3 |       |       ||     3
Throw: Dart              |       |     9 |    28 |     4 ||    41
       Boomerang         |       |       |    14 |     1 ||    15
 Cast: Freeze            |    53 |    25 |    26 |    10 ||   114
       Frozen Ramparts   |       |     4 |    23 |     7 ||    34
       Ozocubu's Armour  |       |     1 |     5 |       ||     6
Evoke: Wand              |       |     1 |     5 |       ||     6
  Use: Scroll            |     4 |     6 |     9 |       ||    19
 Stab: Sleeping          |     4 |     8 |     4 |       ||    16
Armor: Robe              |    15 |    14 |    43 |     3 ||    75
       Steam dragon scal |       |       |       |     6 ||     6
Dodge: Dodged            |    48 |    73 |    91 |    25 ||   237
Block: Buckler           |       |       |    11 |     3 ||    14

Table legend: (Time is in decaauts)
 A = Elapsed time spent in this place.
 B = Non-inter-level travel time spent in this place.
 C = Inter-level travel time spent in this place.
 D = Time resting spent in this place.
 E = Time spent auto-exploring this place.
 F = Levels seen in this place.
 G = Mean time per level.
                   A        B        C        D        E       F      G
               +--------+--------+--------+--------+--------+-----+--------+
         Total |   7919 |   7594 |    325 |   1605 |   3781 |  11 |  719.9 |
       Dungeon |   7470 |   7157 |    313 |   1438 |   3718 |   9 |  830.0 |
        Temple |     32 |     20 |     12 |      0 |      4 |   1 |   32.0 |
         Sewer |    416 |    416 |      0 |    167 |     59 |   1 |  416.0 |
               +--------+--------+--------+--------+--------+-----+--------+

Top non-repeatable levels by time:
     D:5: 1302 daAuts
     D:1: 1234 daAuts
     D:6: 1015 daAuts
     D:4: 940 daAuts
     D:8: 867 daAuts
     D:7: 801 daAuts
     D:2: 707 daAuts
     D:3: 594 daAuts
   Sewer: 416 daAuts
  Temple: 32 daAuts
     D:9: 7 daAuts
